 Dungeon Crawl Stone Soup version 0.25-b1-23-ge2ad7d536c (webtiles) character file.

Game seed: 9960859875716399839, levelgen mode: deterministic

1334 lepoulpe303 the Chopper (level 8, -1/74 HPs)
             Began as a Deep Dwarf Monk on May 28, 2020.
             Slain by a vampire (9 damage)
             ... on level 6 of the Dungeon.
             The game lasted 00:21:04 (4388 turns).

lepoulpe303 the Chopper (Deep Dwarf Monk)           Turns: 4388, Time: 00:21:05

Health: -1/74      AC:  8    Str: 16    XL:     8   Next: 34%
Magic:  6/6        EV: 13    Int: 12    God:
Gold:   202        SH:  0    Dex: 15    Spells: 7/7 levels left

rFire    . . .     SeeInvis .   a - +1 war axe
rCold    . . .     Gourm    .   (no shield)
rNeg     . . .     Faith    .   q - +1 scale mail
rPois    .         Spirit   .   (no helmet)
rElec    .         Reflect  +   (no cloak)
rCorr    +         Harm     .   (no gloves)
MR       +....                  (no boots)
Stlth    +.........             v - amulet of reflection
HPRegen  0.00/turn              C - ring of resist corrosion
MPRegen  0.10/turn              (no ring)

@: non-regenerating
A: damage resistance, heal wounds, sense surroundings 1, no regeneration
a: Heal Wounds


You were on level 6 of the Dungeon.
You were not hungry.

You visited 1 branch of the dungeon, and saw 6 of its levels.

You collected 202 gold pieces.

Inventory:

Hand Weapons
 a - a +1 war axe (weapon)
 b - a +0 hunting sling
Missiles
 j - 38 sling bullets
 n - 10 poisoned darts (quivered)
Armour
 c - a +0 leather armour of magic resistance {MR+}
 p - a +0 robe
 q - a +1 scale mail (worn)
Jewellery
 v - an amulet of reflection (around neck)
 C - a ring of resist corrosion (left hand)
 Q - an uncursed ring of ice {rC+, rF-}
Scrolls
 f - a scroll of amnesia
 i - a scroll of identify
 k - a scroll of enchant weapon
 m - a scroll of enchant armour
 o - a scroll of teleportation {unknown}
 r - a scroll of fog {unknown}
 t - a scroll of magic mapping {!r}
 w - 2 scrolls of remove curse
Potions
 g - a potion of mutation {unknown}
 h - 2 potions of stabbing {unknown}
 l - 3 potions of flight
 s - a potion of haste {unknown}
 u - 2 potions of curing {unknown}
 x - a potion of berserk rage {unknown}
Comestibles
 d - a chunk of flesh
 e - 9 rations


   Skills:
 + Level 5.0 Fighting
 * Level 7.8 Axes
 + Level 4.7 Armour
 + Level 6.0 Dodging
 - Level 2.4 Stealth


You had 7 spell levels left.
You didn't know any spells.
Your spell library contained the following spells:

 Spells                   Type           Power        Failure   Level  Hunger
 Magic Dart               Conj           #...         73%         1    ##.....
 Blink                    Tloc           N/A          86%         2    ###....
 Call Imp                 Summ           #.......     86%         2    ###....
 Slow                     Hex            #.......     86%         2    ###....
 Conjure Flame            Conj/Fire      #.......     97%         3    ####...
 Mephitic Cloud           Conj/Pois/Air  #.......     97%         3    ####...


Dungeon Overview and Level Annotations

Branches:
Dungeon (6/15)
 Temple: D:4-7

Altars:
Ashenzari
Elyvilon
Gozag
Nemelex Xobeh
Okawaru
Xom
Zin
The Shining One

Shops:
D:4 :   D:6 :


Innate Abilities, Weirdness & Mutations

You are resistant to damage.
You can heal yourself by infusing magical energy.
You passively map a small area around you.
You do not regenerate.


Message History

As you read the scroll labeled FUMIFI LIMNAIXKUSU, it crumbles to dust.
You feel aware of your surroundings.
It was a scroll of magic mapping.
The vampire hits you!
* * * LOW HITPOINT WARNING * * *
The vampire bites you.
* * * LOW HITPOINT WARNING * * *
The vampire draws strength from your injuries!
You take 8 damage, and have 8/74 hp.
Unknown command.
As you read the scroll labeled MUIPTO JITU, it crumbles to dust.
It is a scroll of enchant armour.
Your +0 scale mail glows green for a moment.
The vampire hits you. The vampire bites you.
The vampire draws strength from your injuries!
As you read the scroll labeled DUBRUA DASO, it crumbles to dust.
This is a scroll of acquirement!
Something appears at your feet!
It was a scroll of acquirement.
The vampire hits you but does no damage.
The vampire bites you!
You die...

..###.............##.....#....##
.####.....[............^.#.....#
...................#.##..###.###
####..........................##
##.............................#
##..............##...#.....#...#
#...............#..(.......#...##
..........#.....#V..####.#.......
##........#.##.)@..## #...###...
...................>######## #...
#......##.......#.....# ###.
)...........#...#...### ##
............#....####
.........##......#
##...............#
........##...#..##
...#..#.###..####


You could see a vampire.

Levels and vault maps discovered:
D:1:      roderic_dead_forest, layout_loops_cross, minmay_misc_feat_roman
D:2:      layout_rooms, lemuel_crystal_altar, xom_redecorated, first_ration,
          serial_curves, eino_curves_01, eino_curves_02, minmay_pentomino_x2
D:3:      minmay_skewed_foursquare, layout_basic, lemuel_crystal_altar,
          grunt_temple_overflow_diamond, uniq_sigmund
D:4:      layout_basic, elyvilon_altar_4, serial_shops, kennysheep_mini_moat
D:5:      layout_rooms, zin_scriptorium, minmay_misc_feat_nine_boxes,
          uniq_edmund
D:6:      layout_cave_pools, serial_shops, nicolae_shop_statue_plus,
          kennysheep_nub, uniq_menkaure

Notes
Turn   | Place    | Note
-------+----------+-------------------------------------------
     0 | D:1      | lepoulpe303 the Deep Dwarf Monk began the quest for the
                  | Orb.
     0 | D:1      | Reached XP level 1. HP: 20/20 MP: 1/1
    17 | D:1      | Identified a +0 leather armour of magic resistance (You
                  | found it on level 1 of the Dungeon)
    25 | D:1      | Identified a +0 club
   104 | D:1      | Identified a +0 short sword
   156 | D:1      | Identified a +0 club
   161 | D:1      | Reached XP level 2. HP: 24/27 MP: 2/2
   167 | D:1      | Identified a +0 club
   189 | D:1      | Identified a +0 dagger
   208 | D:1      | Identified a cursed -3 dagger
   242 | D:1      | Identified a +0 club
   260 | D:1      | Identified 2 scrolls of amnesia
   331 | D:1      | Identified a cursed -1 hunting sling (You found it on level
                  | 1 of the Dungeon)
   332 | D:1      | Identified a scroll of remove curse
   333 | D:1      | Identified a +0 hand axe
   402 | D:1      | Identified a +0 club
   413 | D:1      | Reached skill level 1 in Armour
   620 | D:1      | Identified a +0 short sword
   810 | D:2      | Reached XP level 3. HP: 27/33 MP: 3/3
   818 | D:2      | Found an iron altar of Okawaru.
   863 | D:2      | Identified a +0 dagger
   866 | D:2      | Reached skill level 3 in Fighting
   931 | D:2      | Found a shimmering altar of Xom.
   933 | D:2      | Found a shimmering altar of Xom.
   933 | D:2      | Found a shimmering altar of Xom.
   938 | D:2      | Found a shimmering altar of Xom.
   945 | D:2      | Found a shimmering altar of Xom.
   945 | D:2      | Found a shimmering altar of Xom.
  1239 | D:3      | Identified a +0 club
  1243 | D:3      | Reached skill level 4 in Axes
  1264 | D:3      | Identified a +0 scythe
  1264 | D:3      | Identified a +0 robe
  1264 | D:3      | Noticed Sigmund
  1307 | D:3      | Identified a +0 club
  1353 | D:3      | Identified a +0 short sword
  1358 | D:3      | Identified a cursed -2 trident
  1358 | D:3      | Identified a +0 leather armour
  1417 | D:3      | Identified a +0 short sword
  1417 | D:3      | Identified a +0 leather armour
  1417 | D:3      | Identified a +0 dagger
  1418 | D:3      | Identified a +0 morningstar
  1419 | D:3      | Identified a +0 dagger
  1419 | D:3      | Identified a +0 robe
  1432 | D:3      | Reached XP level 4. HP: 21/42 MP: 4/4
  1694 | D:3      | Identified a +0 club
  1695 | D:3      | Identified a +0 mace
  1695 | D:3      | Identified a +0 leather armour
  1798 | D:3      | Identified a +0 dagger
  1809 | D:3      | Reached skill level 4 in Dodging
  1873 | D:3      | HP: 10/42 [Sigmund/magic dart (4)]
  1874 | D:3      | HP: 2/42 [Sigmund/magic dart (8)]
  1910 | D:3      | Killed Sigmund
  1910 | D:3      | Reached skill level 5 in Axes
  1910 | D:3      | Reached skill level 2 in Armour
  1910 | D:3      | Reached XP level 5. HP: 23/50 MP: 4/4
  1910 | D:3      | Reached XP level 6. HP: 27/57 MP: 5/5
  2018 | D:3      | Found an opulent altar of Gozag.
  2075 | D:3      | Identified a +0 short sword
  2193 | D:3      | Found a sparkling altar of Nemelex Xobeh.
  2198 | D:3      | Found a shattered altar of Ashenzari.
  2201 | D:3      | Found a glowing golden altar of the Shining One.
  2476 | D:4      | Identified a +0 club
  2484 | D:4      | Identified a +0 war axe
  2493 | D:4      | Identified a +0 short sword
  2553 | D:4      | Got a smoking hunting sling
  2554 | D:4      | Identified 2 scrolls of enchant weapon
  2555 | D:4      | Identified 2 scrolls of identify
  2555 | D:4      | Identified the +5 hunting sling of Nodit {freeze, +Fly
                  | rElec Str-5 Dex+6} (You found it on level 4 of the Dungeon)
  2612 | D:4      | Identified a ring of ice (You found it on level 1 of the
                  | Dungeon)
  2613 | D:4      | Identified a ring of dexterity (You found it on level 2 of
                  | the Dungeon)
  2615 | D:4      | Identified a ring of resist corrosion (You found it on
                  | level 1 of the Dungeon)
  2635 | D:4      | Found a white marble altar of Elyvilon.
  2725 | D:4      | Identified a +0 hunting sling (You found it on level 4 of
                  | the Dungeon)
  2924 | D:4      | Found Puxaduegue's Book Emporium.
  2961 | D:4      | Reached skill level 3 in Armour
  3226 | D:5      | Entered Level 5 of the Dungeon
  3241 | D:5      | Noticed a sky beast
  3247 | D:4      | HP: 12/57 [iguana (10)]
  3252 | D:4      | Reached skill level 4 in Fighting
  3269 | D:5      | Killed a sky beast
  3269 | D:5      | Reached skill level 6 in Axes
  3269 | D:5      | Reached XP level 7. HP: 19/64 MP: 6/6
  3379 | D:5      | Identified a +0 scale mail (You found it on level 5 of the
                  | Dungeon)
  3420 | D:5      | Identified a +0 hand axe
  3420 | D:5      | Identified a +3 leather armour
  3487 | D:5      | Reached skill level 5 in Dodging
  3668 | D:5      | Identified a +2 vorpal dire flail
  3668 | D:5      | Identified a +0 ring mail
  3668 | D:5      | Noticed Edmund
  3689 | D:5      | HP: 12/64 [Edmund/+2 vorpal dire flail (7)]
  3696 | D:5      | HP: 13/64 [Edmund/+2 vorpal dire flail (9)]
  3697 | D:5      | Killed Edmund
  3751 | D:5      | Identified a +0 dagger
  3751 | D:5      | Identified a +0 robe
  3772 | D:5      | Identified a cursed -3 falchion
  3797 | D:5      | Reached skill level 4 in Armour
  3859 | D:5      | Found a glowing silver altar of Zin.
  3893 | D:6      | Noticed a vampire
  3894 | D:6      | Identified a +0 whip
  3894 | D:6      | Identified a +0 leather armour
  3985 | D:6      | Reached skill level 7 in Axes
  3991 | D:6      | Identified a +0 mace
  3991 | D:6      | Identified a +0 leather armour
  3996 | D:6      | HP: 13/66 [orc priest/divine providence (10)]
  4007 | D:6      | Identified a +0 giant spiked club
  4007 | D:6      | Identified a +0 giant club
  4007 | D:6      | Noticed a two-headed ogre
  4085 | D:6      | Found Nacot's Book Boutique.
  4154 | D:6      | Noticed Menkaure
  4168 | D:6      | Identified an amulet of reflection (You found it on level 4
                  | of the Dungeon)
  4171 | D:6      | HP: 16/66 [Menkaure (17)]
  4172 | D:6      | Killed Menkaure
  4172 | D:6      | Reached XP level 8. HP: 12/73 MP: 6/6
  4239 | D:6      | Identified a +0 war axe
  4239 | D:6      | Identified a +0 leather armour
  4257 | D:6      | Identified a cursed -2 giant spiked club
  4339 | D:6      | Reached skill level 5 in Fighting
  4365 | D:6      | Reached skill level 6 in Dodging
  4375 | D:6      | Identified 3 potions of flight
  4377 | D:6      | HP: 13/74 [vampire (8)]
  4379 | D:6      | HP: 6/74 [vampire (6)]
  4382 | D:6      | HP: 1/74 [vampire (10)]
  4385 | D:6      | Identified 2 scrolls of magic mapping
  4386 | D:6      | Identified 2 scrolls of enchant armour
  4388 | D:6      | Identified a scroll of acquirement
  4388 | D:6      | Slain by a vampire

Table legend:
 A = Turns spent in this place as a percentage of turns spent in the entire game.
 B = Non-inter-level travel turns spent in this place as a percentage of non-inter-level travel turns spent in the entire game.
 C = Inter-level travel turns spent in this place as a percentage of turns spent in this place.
 D = Turns resting spent in this place as a percentage of non-inter-level travel turns spent in this place.
 E = Turns spent auto-exploring this place as a percentage of non-inter-level travel turns spent in this place.
 F = Non-inter-level travel turns spent in this place divided by the number of levels of this place that you've seen.
                   A       B       C       D       E      F
               +-------+-------+-------+-------+-------+----------------------
         Total | 100.0 | 100.0 |   5.6 |   0.4 |  68.7 | 690.3
       Dungeon | 100.0 | 100.0 |   5.6 |   0.4 |  68.7 | 690.3
               +-------+-------+-------+-------+-------+----------------------

Table legend:
 A = Kills in this place as a percentage of kills in entire the game.
 B = Kills by you in this place as a percentage of kills by you in the entire game.
 C = Kills by friends in this place as a percentage of kills by friends in the entire game.
 D = Other kills in this place as a percentage of other kills in the entire game.
 E = Experience gained in this place as a percentage of experience gained in the entire game.
 F = Experience gained in this place divided by the number of levels of this place that you have seen.
                   A       B       C       D       E      F
               +-------+-------+-------+-------+-------+----------------------
         Total | 100.0 | 100.0 |   N/A |   N/A | 100.0 | 317.7
       Dungeon | 100.0 | 100.0 |   N/A |   N/A | 100.0 | 317.7
               +-------+-------+-------+-------+-------+----------------------

Skill      XL: |  1  2  3  4  5  6  7  8 |
---------------+-------------------------+-----
Armour         | 1 2 3 4 |  4.7
Fighting       | 3 4 5 |  5.0
Axes           | 4 5 6 7 |  7.8
Dodging        | 4 5 6 |  6.0
Stealth        | |  2.4

Action                   |  1- 3 |  4- 6 |  7- 9 || total
-------------------------+-------+-------+-------++-------
Melee: Hand axe          |    77 |   102 |       ||   179
       War axe           |       |    44 |   138 ||   182
 Fire: Hunting sling     |    59 |    11 |       ||    70
Throw: Dart              |       |    44 |    41 ||    85
 Abil: Heal Wounds       |       |     6 |     7 ||    13
  Use: Scroll            |     2 |     3 |     5 ||    10
 Stab: Sleeping          |     3 |       |       ||     3
  Eat: Chunk             |     2 |     2 |     4 ||     8
       Ration            |       |     1 |       ||     1
Armor: Leather armour    |    20 |    31 |       ||    51
       Scale mail        |       |       |    33 ||    33
Dodge: Dodged            |    50 |   121 |    85 ||   256

Vanquished Creatures
  Sigmund (D:3)
  Menkaure (D:6)
  Edmund (D:5)
  A sky beast (D:5)
  An ogre (D:6)
  A phantom (D:6)
  2 crimson imps
  4 hounds
  4 orc priests
  2 iguanas (D:4)
  2 orc wizards
  3 worker ants
  A worker ant zombie (D:6)
  6 adders
  A shadow imp (D:5)
  An ooze (D:6)
  3 worms
  A dart slug (D:1)
  6 leopard geckos
  13 orcs
  7 giant cockroaches
  8 goblins
  3 hobgoblins
  8 jackals
  A quokka (D:4)
  5 bats
  5 frilled lizards
  11 kobolds
  7 rats
110 creatures vanquished.
